[Event "12th WLC Weekend 2022"]
[Site "Eindhoven"]
[Date "2022.05.14"]
[Round "4.6"]
[White "Klapwijk, Bram"]
[Black "Albers, Sasa"]
[Result "1-0"]
[ECO "B10"]
[WhiteElo "2245"]
[BlackElo "2117"]
[Annotator "TA"]
[PlyCount "51"]
[EventDate "2022.05.13"]
[EventType "swiss"]
[EventCountry "NED"]
[SourceTitle "playchess.com"]
[Source "ChessBase"]
[SourceQuality "1"]
[TimeControl "5400+30"]

1. e4 c6 2. Bc4 d5 3. Bb3 dxe4 4. Qh5 g6 5. Qh4 Nf6 6. Nc3 {[%emt 0:00:05] B10: Caro-Kann: 2 d3 and 2 c4.} Bg7 7. f3 exf3 $1 8. Nxf3 {[%emt 0:00:04] Black is slightly better.} Qd6 (8... O-O $15) 9. d4 Be6 10. Bf4 Qd7 {[%emt 0:00:01] [#]} 11. O-O-O $146 ({Predecessor:} 11. Ne5 Qc8 12. Bxe6 Qxe6 13. O-O O-O 14. Rae1 Qc8 15. Nf3 Re8 16. Be5 Nbd7 17. Ng5 {0-1 (23) Kjaras,A (1840)-Perez,D (2112) Villaguay 2017}) 11... Bxb3 $1 12. Ne5 {[%emt 0:01:09] [#]} Qd8 13. axb3 O-O 14. Rhf1 Nbd7 15. Rf3 Re8 (15... Nh5 $15 16. Be3 e6) 16. Bh6 $36 {[%emt 0:05:04][%mdl 2048] White fights for an advantage.} Qa5 17. Re1 {[%emt 0:26:41] Strongly threatening Bxg7.} Nf8 $2 (17... Nxe5 $11 18. dxe5 Nd5) 18. g4 $2 (18. Bxg7 $18 Kxg7 19. b4 (19. Rh3 Rad8 $15) 19... Qa1+ 20. Kd2) 18... g5 $2 ({Black should play} 18... Bxh6+ $14 19. Qxh6 Rad8) 19. Qxg5 $18 Ne6 20. Qe3 (20. Qh4 $18 Nxd4 21. Rff1 (21. Qg5 Ne6 $16)) 20... Nxd4 $2 21. Bxg7 (21. Qg5 Ne6 22. Qh4 Bxh6+ 23. Qxh6 Qa1+ 24. Nb1 Qa5 $18) 21... Nxf3 22. Qxf3 {[%emt 0:00:21] Really sharp!} Kxg7 $2 {[%emt 0:00:18] [#]} (22... Qa1+ 23. Kd2 Rad8+ 24. Nd3 Qa5) 23. g5 $1 Rg8 24. gxf6+ {[%emt 0:00:11] White mates.} exf6 25. Qg4+ {[%emt 0:00:17][%mdl 64] Deflection} Kh8 26. Nxf7# {[%emt 0:00:03] Weighted Error Value: White=0.68/Black=1.12} 1-0

[Event "12th WLC Weekend 2022"]
[Site "Eindhoven"]
[Date "2022.05.14"]
[Round "4.7"]
[White "Jansen, Bob"]
[Black "Cebula, Jerzy"]
[Result "1-0"]
[ECO "B21"]
[WhiteElo "2174"]
[BlackElo "1994"]
[Annotator "TA"]
[PlyCount "51"]
[EventDate "2022.05.13"]
[EventType "swiss"]
[EventCountry "NED"]
[SourceTitle "playchess.com"]
[Source "ChessBase"]
[SourceQuality "1"]
[TimeControl "5400+30"]

1. d4 c5 2. e4 cxd4 3. c3 dxc3 4. Nxc3 Nc6 5. Nf3 e6 6. Bc4 d6 7. O-O Be7 8. Qe2 a6 9. Rd1 Qc7 10. Bf4 Nf6 11. Rac1 {[%emt 0:01:08] 11.e5 injects fresh life into this line.} Ne5 $2 {[%emt 0:05:45][%mdl 8192] Against Qd3. B21: Sicilian: 2 f4 and Morra Gambit.} (11... O-O $11) 12. Bxe5 $18 dxe5 {[%emt 0:00:37] [#]} 13. Nb5 $1 Qb8 {[%emt 0:05:50] [#] White is clearly winning.} (13... Qc5 14. Bd3) 14. Nc7+ Kf8 (14... Qxc7 15. Bb5+) 15. Nxa8 Qxa8 16. Nxe5 {[%emt 0:00:17][%cal Bf3e5,Be5c4,Bc4d6][%mdl 32] [#]} h5 $146 (16... Qb8 17. Bb3 g6) ({Predecessor:} 16... g6 17. Bb3 Kg7 18. Rc7 Re8 19. Qf3 b5 20. Nxf7 Qxe4 21. Qxe4 Nxe4 22. f3 Nc5 23. Nd6 Kf8 24. Nxe8 {1-0 (24) Paskalev,V (1597)-Patrias,J (1812) Rostock 2016}) 17. a4 Qb8 {[%emt 0:00:45] [#]} 18. Bb3 $1 g6 19. Nc4 {[%emt 0:04:57] Black must now prevent Nb6.} Bc5 {[%emt 0:15:41] Against Nb6} (19... Kg7 20. Nb6 Ng4) 20. e5 Ng4 21. Nd6 b6 22. h3 Nh6 23. Bc2 Kg7 24. Qf3 {[%emt 0:02:09] Against Bb7} Rf8 25. Qf6+ Kg8 {[%emt 0:01:53] [#]} 26. Bxg6 $1 {[%emt 0:01:05] Black did not feel at home in the position after the opening.  Weighted Error Value: White=0.44/Black=1.59} 1-0

[Event "12th WLC Weekend 2022"]
[Site "Eindhoven"]
[Date "2022.05.14"]
[Round "4.8"]
[White "Kools, Thomas"]
[Black "Margarido, Jose Miguel Teixeira"]
[Result "1/2-1/2"]
[ECO "B23"]
[WhiteElo "2160"]
[BlackElo "2127"]
[Annotator "TA"]
[PlyCount "72"]
[EventDate "2022.05.13"]
[EventType "swiss"]
[EventCountry "NED"]
[SourceTitle "playchess.com"]
[Source "ChessBase"]
[SourceQuality "1"]
[TimeControl "5400+30"]

1. e4 c5 2. Nc3 e6 3. g3 d5 4. exd5 exd5 5. Bg2 Nf6 6. d3 d4 7. Ne4 Nxe4 8. Bxe4 Bd6 9. Ne2 {[%emt 0:00:45] B23: Closed Sicilian: Lines without g3.} O-O 10. Bg2 Re8 11. O-O {[%emt 0:00:07] Black is slightly better.} Nc6 (11... Bg4 $5 12. Re1 Qd7 $15) 12. h3 Bd7 13. Bf4 {[%emt 0:03:11] [#]} Ne5 $146 ({Predecessor:} 13... Bf8 14. Qd2 h6 15. g4 Rc8 16. Bh2 Be7 17. Ng3 Be6 18. f4 c4 19. f5 c3 20. bxc3 dxc3 {0-1 (28) Garcia Perez,J (1754)-Andreev,S (2090) Fermo 2009}) 14. Bxe5 Bxe5 15. Nc1 Qc8 16. h4 Bg4 17. Bf3 Bh3 18. Re1 Qc7 {[%emt 0:00:24][%cal Oe5g3] [#] White must now prevent ...Bxg3!} 19. Kh2 Bd7 {[%emt 0:01:29] A strong pair of Bishops.} 20. Nb3 Re7 21. Nd2 Rae8 {[%emt 0:00:37][%cal Oe5g3] Threatens to win with ...Bxg3+!} 22. Kg2 f5 23. Bd5+ {[%emt 0:16:31] The position is equal.} Kh8 24. Qf3 b6 25. Re2 Bf6 26. Rae1 Rxe2 27. Rxe2 Rxe2 28. Qxe2 Qe5 29. Qxe5 Bxe5 $11 {[%emt 0:00:05][%mdl 4096] Endgame KBB-KBN} 30. f4 Bf6 31. Nf3 g6 32. Kf2 Kg7 33. Ke2 h6 34. b3 Kf8 35. a4 Ke7 36. Kd2 Be6 {[%emt 0:07:39] Weighted Error Value: White=0.06 (flawless) /Black=0.06 (flawless)} 1/2-1/2

[Event "12th WLC Weekend 2022"]
[Site "Eindhoven"]
[Date "2022.05.14"]
[Round "4.9"]
[White "Duson, Robin"]
[Black "van der Valk, Niklas"]
[Result "0-1"]
[ECO "E54"]
[WhiteElo "1980"]
[BlackElo "2200"]
[Annotator "TA"]
[PlyCount "156"]
[EventDate "2022.05.13"]
[EventType "swiss"]
[EventCountry "NED"]
[SourceTitle "playchess.com"]
[Source "ChessBase"]
[SourceQuality "1"]
[TimeControl "5400+30"]

1. d4 Nf6 2. c4 e6 3. Nc3 Bb4 4. e3 O-O 5. Bd3 d5 6. Nf3 c5 7. O-O cxd4 8. exd4 dxc4 9. Bxc4 b6 10. Bg5 Bb7 11. Re1 Nc6 {[%emt 0:01:51] [#] E54: Nimzo-Indian: Rubinstein: Main Line: 7...dxc4 8 Bxc4.} 12. Re3 $146 ({White should try} 12. a3 $11 Be7 13. Bd3) ({Predecessor:} 12. a3 Be7 13. Qd3 h6 14. Bf4 Bd6 15. Be5 Bxe5 16. dxe5 Qxd3 17. Bxd3 Rfd8 18. Rad1 Nd7 19. Be4 Na5 20. Bxb7 Nxb7 21. b4 {0-1 (62) Pelletier,Y (2581)-Howell,D (2658) Tornelo INT 2021}) 12... Rc8 (12... Be7 $15) 13. Bd3 Be7 {[%emt 0:05:24] Black has an edge.} 14. Ne5 g6 (14... Nxd4 $2 15. Bxf6 g6 16. Bxe7 Qxe7 17. Bxg6 $1 hxg6 18. Qxd4 $18) 15. Bh6 $1 Nxd4 16. Bxf8 Bxf8 17. Qa4 a6 18. Rd1 b5 19. Bxb5 axb5 20. Qxd4 Qxd4 21. Rxd4 Bc5 {[%emt 0:02:13] This bishop pair is nice.} 22. Red3 Bxd4 23. Rxd4 Nd5 24. h3 Nxc3 25. bxc3 $15 {[%emt 0:00:10][%mdl 4096] Endgame KRB-KRN} Bd5 (25... Rxc3 26. Rd8+ Kg7 27. Rd7 Rc1+ 28. Kh2 $11) 26. Rb4 Rc7 (26... Bxa2 $6 27. Rxb5 Bd5 28. c4 Bxc4 29. Rb7 $15) (26... Rxc3 $17 27. Rxb5 Rc1+ 28. Kh2 Rc2) 27. c4 $2 (27. a4 $11) 27... Rxc4 $4 (27... bxc4 $19 {avoids the disaster.} 28. a4 Kf8) 28. Rxb5 $2 (28. Nxc4 $18 bxc4 29. a4) 28... Rc1+ $17 29. Kh2 Rc2 ({Reject} 29... Bxa2 30. Rb8+ Kg7 31. Rb7 $11) 30. Ng4 Bxa2 31. Rb7 Kg7 {[%emt 0:02:02] Hoping for ...h5.} 32. Kg3 Re2 {[%emt 0:01:05] Prevents Ne5.} 33. Ne3 h5 34. Kf3 Rd2 35. Ra7 g5 36. g3 Bb1 37. Nc4 Rd5 38. Ne3 (38. h4 $17 {keeps fighting.}) 38... Rc5 39. Rb7 Bd3 40. Ra7 Bb5 41. Ke4 Kg6 (41... Rc1 $19 42. Ra5 Rb1) 42. Kd4 Rc8 43. Ra5 Be2 44. h4 gxh4 45. gxh4 (45. Ng2 $17) 45... Rd8+ 46. Ke4 f6 $1 {[%emt 0:01:38] Inhibits Rg5+.} 47. Ng2 {[%emt 0:00:51] [#] aiming for Nf4+.} e5 {[%emt 0:00:25] Against Nf4+} 48. f4 Bf1 49. f5+ $2 (49. Kf3 {was the only defense.}) 49... Kg7 $19 50. Ra7+ Kg8 51. Ne3 Bb5 52. Kf3 Bc6+ 53. Kg3 (53. Ke2 $142) 53... Rd3 54. Kf2 {[%emt 0:00:07] [#]} Rd2+ $1 55. Kg3 (55. Kg1 $142) 55... Re2 56. Nc4 Rg2+ 57. Kh3 Rf2 58. Nd6 e4 $2 (58... Rd2 $19 59. Nc8 Be4) 59. Re7 Rf3+ 60. Kh2 e3 61. Nc4 Rf2+ ({Weaker is} 61... Rxf5 62. Nxe3 Rf2+ 63. Kg1 $17) 62. Kg1 Rg2+ 63. Kf1 Rf2+ 64. Kg1 $1 Rxf5 {[%emt 0:00:30][%cal Oe3e2] Black is more active.} 65. Nxe3 Rf4 66. Re6 (66. Kh2 $142) 66... Be4 $17 67. Nc4 (67. Kh2 $17 {was necessary.}) 67... Kg7 ({Inferior is} 67... Rxh4 68. Rxf6 Kg7 69. Rd6 $17) 68. Nd6 {[%emt 0:00:41] Strongly threatening Re7+.} Bd5 69. Re7+ (69. Re3 $17 {was called for.}) 69... Kg6 $19 70. Ne8 Rxh4 71. Rg7+ Kf5 {[%emt 0:00:03] ...Rg4+ is the strong threat.} 72. Nd6+ $2 (72. Rd7 Bc6 73. Ng7+ Kg5 74. Rd8) 72... Kf4 $2 (72... Ke5 {( -> ...Rg4+)} 73. Nf7+ Kf4) 73. Rg6 $2 (73. Rh7 $19) 73... Ke5 74. Nb5 Rc4 (74... Rb4 $142 75. Na3 Rb3 76. Nc2 Rb1+ 77. Kf2 Rb2 78. Rh6 Rxc2+ 79. Kg3 f5 80. Kh3 Rc1 81. Kg3 Rf1 82. Rxh5 Rh1 83. Rxh1 Bxh1 84. Kh3 f4 85. Kh2 Be4 86. Kg1 Kd4 87. Kf1 Ke3 88. Ke1 f3 89. Kf1 Bd3+ 90. Kg1 f2+ 91. Kh2 f1=Q 92. Kg3 Qf4+ 93. Kg2 Qf2+ 94. Kh3 Bf5#) 75. Rh6 h4 {[%emt 0:00:33] White must now prevent ...f5.} 76. Kh2 Rc5 {[%emt 0:00:31] Black mates.} 77. Na3 Ra5 78. Nb1 Ra1 {[%emt 0:00:34] Weighted Error Value: White=0.43/Black=0.35} 0-1

[Event "12th WLC Weekend 2022"]
[Site "Eindhoven"]
[Date "2022.05.14"]
[Round "4.10"]
[White "Ciornei, Dragos"]
[Black "Suranyi, Pal"]
[Result "1/2-1/2"]
[ECO "B06"]
[WhiteElo "2164"]
[BlackElo "2013"]
[Annotator "TA"]
[PlyCount "94"]
[EventDate "2022.05.13"]
[EventType "swiss"]
[EventCountry "NED"]
[SourceTitle "playchess.com"]
[Source "ChessBase"]
[SourceQuality "1"]
[TimeControl "5400+30"]

1. e4 g6 2. d4 Bg7 3. Nc3 d6 4. h3 a6 5. a4 Nc6 6. Nf3 {[%emt 0:00:39] B06: Modern Defence.} e5 7. dxe5 (7. Bg5 $5 Bf6 8. Bxf6 Nxf6 9. Qd2 $11) 7... Nxe5 8. Nxe5 {[%emt 0:01:47] White is slightly better.} Bxe5 {[%emt 0:00:10] [#]} 9. Bc4 $146 ({Predecessor:} 9. Be3 Be6 10. Be2 Ne7 11. O-O Qd7 12. f4 Bxc3 13. bxc3 f5 14. Bf3 O-O 15. exf5 Nxf5 {½-½ (23) Kharitonov,A (2538)-Tukhaev,A (2520) Rethymno 2013}) 9... Bxc3+ (9... Be6 $11 10. Qd3 Ne7) 10. bxc3 $16 Qf6 11. Qd3 Be6 12. Be3 {[%emt 0:14:14] [#] Black must now prevent Bd4. A strong pair of Bishops.} Qe7 (12... Bxc4 $14 13. Qxc4 Qe7) 13. O-O {[%emt 0:03:26] White is more active.} (13. Bd5 $142) 13... Nf6 14. Rae1 Nd7 15. f4 {[%emt 0:04:37] Prevents Ne5.} f6 (15... Bxc4 $11 16. Qxc4 O-O-O) 16. Bd4 (16. Rb1 $16) 16... Bxc4 $11 17. Qxc4 {[%emt 0:00:37] aiming for Rb1.} O-O-O 18. a5 Rhe8 19. Qb3 c5 (19... Nc5 $15 {was preferrable.} 20. Bxc5 dxc5) 20. Bf2 Nb8 21. Bh4 Nc6 {[%emt 0:12:01] Against e5} 22. Kh1 (22. e5 $14 dxe5 23. fxe5 Nxe5 24. Rxf6) 22... Nxa5 $15 23. Qa4 g5 $1 24. fxg5 fxg5 25. Bxg5 Qxg5 26. Qxa5 Rg8 27. Re2 Rdf8 $40 {[%emt 0:00:43][%mdl 128] Black goes for the king.} 28. Rfe1 Qg3 29. e5 (29. Qa2 $142) 29... Rf2 $17 30. Rxf2 Qxf2 {[%emt 0:00:04][%csl Gg8][%cal Rf2g2][%mdl 4096] Endgame KQR-KQR} 31. Rg1 dxe5 32. Qb6 {[%emt 0:00:02] Hoping for Qe6+.} Rg6 {[%emt 0:00:28] Inhibits Qe6+.} 33. Qb3 Qd2 {[%emt 0:01:19] Against Qd5} ({Black should play} 33... Kb8 $17 34. Qd5 Ka7 35. Qxe5 h6) 34. Qf7 $11 Qxc3 $2 (34... e4 $11) 35. Qxh7 $4 (35. Rb1 $18 {was the only winning move.} Kd8 36. Qxb7) 35... Rd6 $2 (35... Qxc2 $19 {...Qe4 is the strong threat.} 36. Qh8+ Kc7 37. Qxe5+ Kb6) 36. Rb1 $1 Rd7 {[%emt 0:00:21][%mdl 8192] [#]} (36... b6 $11) 37. Qg8+ $1 $18 Kc7 38. Qe6 $2 (38. Qa8 $18 b6 39. Qa7+ (39. Qxa6 Qa5 $16) 39... Kd8 40. Qb8+ Ke7 41. Rf1) 38... Qd4 ({Black should try} 38... Qxc2 $17 39. Rxb7+ (39. Qxe5+ Kc8 $17) 39... Kxb7 40. Qxd7+ Kb6 41. Qd6+ Kb5 42. Qxe5 a5 43. Qe8+ Kb4 44. Qe1+ Qc3 45. Qb1+ Qb3 46. Qe1+ Ka4 47. Qa1+ Kb4 48. Qe1+ Ka4) 39. Re1 (39. Qb6+ $11 {remains equal.} Kc8 40. Kh2) 39... Rd5 (39... a5 $17 {And now ...a4 would win.} 40. Qe8 b6) 40. c3 $2 (40. Qe7+ $11 Rd7 41. Qg5) 40... Qxc3 $19 41. Rf1 (41. Rb1 $142 Rd6 42. Qe7+ Rd7 43. Rxb7+ (43. Qe6 $2 Qd3 $19) 43... Kxb7 44. Qxd7+ Kb6 45. Kh2) 41... Rd7 42. Rf6 {[%emt 0:00:29] Intending Qb6+ and mate.} Qd4 $2 ({Better is} 42... Qb2 $19 {Threatens to win with ...a5.} 43. Kh2 a5) 43. Qb6+ $11 {[%emt 0:00:28] The position is equal.} Kc8 44. Rf8+ Rd8 45. Rf7 Rd7 46. Rf8+ Rd8 47. Rf7 Rd7 {[%emt 0:00:20] Weighted Error Value: White=0.59/Black=0.63} 1/2-1/2

[Event "12th WLC Weekend 2022"]
[Site "Eindhoven"]
[Date "2022.05.14"]
[Round "4.11"]
[White "Zepeda, Lorena"]
[Black "Simons, Rudy"]
[Result "0-1"]
[ECO "B79"]
[WhiteElo "2130"]
[BlackElo "2046"]
[Annotator "TA"]
[PlyCount "101"]
[EventDate "2022.05.13"]
[EventType "swiss"]
[EventCountry "NED"]
[SourceTitle "playchess.com"]
[Source "ChessBase"]
[SourceQuality "1"]
[TimeControl "5400+30"]

1. e4 c5 2. Nf3 d6 3. d4 cxd4 4. Nxd4 Nf6 5. Nc3 g6 6. Be3 Bg7 7. f3 O-O 8. Qd2 Nc6 9. Bc4 Bd7 10. h4 Ne5 11. Bb3 Qa5 12. O-O-O Rfc8 13. h5 Nxh5 14. Bh6 Bxh6 15. Qxh6 Rxc3 16. bxc3 {[%emt 0:08:04] g4 is the strong threat.} Qxc3 {[%emt 0:00:17] B79: Sicilian Dragon: Yugoslav Attack, 9 Bc4 Bd7 10 0-0-0 Qa5.} (16... Nf6 $11 {keeps the balance.}) 17. Ne2 $1 $16 Nd3+ 18. Rxd3 Qa1+ {[%emt 0:00:05] White is better.} 19. Kd2 Qxh1 20. g4 Ng3 21. Qxh1 Nxh1 22. Ke3 {[%emt 0:00:36] Prevents Nf2.} a5 23. Rd1 a4 (23... Rc8 $16) 24. Bc4 $1 $18 {[%emt 0:00:56] [#]} ({Don't take} 24. Bd5 $6 Rc8 $16) 24... b5 $146 ({Predecessor:} 24... Rc8 25. Bd3 a3 26. Rxh1 Bc6 27. Ra1 f6 28. Nd4 Bd7 29. Rb1 e5 30. Nb5 Bc6 {1-0 (98) Dann,M-Nissen,A Churchill 2000}) 25. Bd3 Ng3 26. Nxg3 b4 27. Bc4 (27. Ne2 $18 {and White stays clearly on top.}) 27... Rc8 $16 28. Bd3 ({White should play} 28. Kd4 $16) 28... Be6 $2 (28... Ra8 $1 $11 {and Black stays safe.}) 29. Rb1 Bxa2 30. Rxb4 Ra8 31. Rb2 Be6 {[%emt 0:03:14] [#]} 32. c4 $1 Ra5 33. Kd4 (33. Ne2 $16) 33... Kg7 (33... a3 $14 34. Ra2 h5) 34. Rb5 Ra7 {[%emt 0:00:19] [#]} 35. Bb1 $1 a3 {[%emt 0:03:53] Strongly threatening ...Ra4.} 36. Ba2 Ra4 {[%emt 0:00:24][%cal Oe6c4] Hoping for ...Bxc4!} 37. Rb1 Kf6 38. Ne2 h5 39. gxh5 gxh5 40. f4 (40. Rh1 $18) 40... Bg4 41. Nc3 e5+ (41... Ra7 $16 {was called for.} 42. e5+ Kf5) 42. fxe5+ dxe5+ 43. Ke3 Ra8 (43... Ra6 $16) 44. c5 $18 Rc8 45. Nd5+ Kg5 46. Rc1 Be6 (46... Rc6 $142 47. Nb4 Rc7) 47. c6 f5 $2 (47... h4 48. Rg1+ Kh6) 48. Rg1+ Kh6 49. exf5 {[%emt 0:00:43] White mates.} Bxf5 50. Ne7 Rxc6 51. Nxc6 {[%emt 0:00:45][%mdl 32768] Weighted Error Value: White=0.13 (very precise) /Black=0.53. Loss on time!?} 0-1

[Event "12th WLC Weekend 2022"]
[Site "Eindhoven"]
[Date "2022.05.14"]
[Round "4.12"]
[White "Koster, Chiel"]
[Black "Van Helvoort, Rob"]
[Result "1-0"]
[ECO "B06"]
[WhiteElo "1924"]
[BlackElo "2133"]
[Annotator "TA"]
[PlyCount "37"]
[EventDate "2022.05.13"]
[EventType "swiss"]
[EventCountry "NED"]
[SourceTitle "playchess.com"]
[Source "ChessBase"]
[SourceQuality "1"]
[TimeControl "5400+30"]

1. e4 g6 2. Nc3 Bg7 3. h4 h6 4. d4 d6 5. Be3 a6 6. h5 {[%emt 0:02:00] B06: Modern Defence.} g5 7. Bd3 (7. Nge2 $16) 7... Nd7 8. Nge2 {[%emt 0:03:10] [#] White has an edge.} b5 $146 ({Predecessor:} 8... c5 9. dxc5 dxc5 10. a4 e6 11. g3 Qc7 12. Ng1 b6 13. Bd2 Bb7 14. f4 Ne7 {0-1 (32) Degraeve,J (2525)-Bezold,M (2490) Cap d'Agde 1998}) 9. f4 gxf4 10. Nxf4 Ngf6 11. Qf3 {[%emt 0:03:26][%cal Oe4e5] Black must now prevent e5!} (11. e5 {keeps more tension.} dxe5 12. Ne6 fxe6 13. Bg6+) 11... e5 12. Nfd5 Nxd5 13. Nxd5 {[%emt 0:01:53] Qg3 is the strong threat.} Bb7 {[%emt 0:07:46] [#]} (13... exd4 $11 {remains equal.} 14. Bf2 Ne5) 14. Qg3 $1 $16 {[%emt 0:02:28] 0x0.001a2cbe616adp-1022s more active pieces. The black rooks are badly placed.} Bf8 {[%emt 0:04:07] Loses the game.} (14... Bf6 $16 {keeps fighting.}) 15. Rf1 (15. O-O $142 {[%cal Of1f7] Strongly threatening Rxf7!} Rh7 16. Qg4) 15... Bxd5 $18 16. exd5 $40 {[%emt 0:00:26][%mdl 128] White goes for the king.} e4 $2 {[%emt 0:01:43] [#]} (16... Be7 17. O-O-O (17. Qg7 Bf6 $14) 17... Bg5) 17. Rxf7 $3 exd3 {[%emt 0:04:34] [#]} 18. Qg6 $2 (18. O-O-O $1 Rh7 19. Rxh7) 18... Qh4+ 19. g3 {[%emt 0:00:14] Weighted Error Value: White=0.57/Black=0.38} 1-0

[Event "12th WLC Weekend 2022"]
[Site "Eindhoven"]
[Date "2022.05.14"]
[Round "4.13"]
[White "Wuijts, Johan"]
[Black "Roebers, Jan"]
[Result "1/2-1/2"]
[ECO "E72"]
[WhiteElo "1964"]
[BlackElo "2126"]
[Annotator "TA"]
[PlyCount "43"]
[EventDate "2022.05.13"]
[EventType "swiss"]
[EventCountry "NED"]
[SourceTitle "playchess.com"]
[Source "ChessBase"]
[SourceQuality "1"]
[TimeControl "5400+30"]

1. d4 Nf6 2. c4 g6 3. Nc3 Bg7 4. e4 d6 5. g3 O-O 6. Bg2 Nc6 7. Nge2 a6 8. O-O {[%emt 0:01:42] E72: King's Indian: 4 e4 d6 5 g3.} Rb8 9. f4 Na5 10. b3 {[%emt 0:07:36] [#] White is slightly better.} (10. e5 {with more complications.} Ng4 11. b3 b5 12. h3) 10... c5 $146 {[%emt 0:04:55] [#]} ({Black should try} 10... Nd7 $14) ({Predecessor:} 10... b5 11. cxb5 axb5 12. e5 Nd7 13. Be3 b4 14. Ne4 f6 15. Rc1 Nb6 16. exf6 exf6 {1-0 (30) Chiburdanidze,M (2505)-Misanovic,V (2355) Moscow 1994}) 11. dxc5 $1 $16 dxc5 12. Qxd8 Rxd8 13. e5 Ng4 (13... Ne8 $16) 14. h3 Nh6 15. Be3 b6 16. Rad1 Re8 17. g4 {[%emt 0:03:53] 0x0.001a2c292350dp-1022s more active pieces.} f6 (17... f5 $16 {was worth a try.}) 18. Nd5 $18 Rb7 19. Ndc3 (19. Nec3 $142) 19... Rb8 $1 20. Nd5 $2 {[%emt 0:02:28] [#]} (20. f5) 20... Rb7 $1 21. Ndc3 (21. Nec3 $142) 21... Rb8 $1 22. Kh1 {[%emt 0:00:08] Weighted Error Value: White=0.73/Black=0.19 (very precise)} (22. f5 $18 {has better winning chances.}) 1/2-1/2

[Event "12th WLC Weekend 2022"]
[Site "Eindhoven"]
[Date "2022.05.14"]
[Round "4.14"]
[White "Weijers, Ralf"]
[Black "Slagboom, Leandro"]
[Result "0-1"]
[ECO "B20"]
[WhiteElo "1857"]
[BlackElo "1997"]
[Annotator "TA"]
[PlyCount "44"]
[EventDate "2022.05.13"]
[EventType "swiss"]
[EventCountry "NED"]
[SourceTitle "playchess.com"]
[Source "ChessBase"]
[SourceQuality "1"]
[TimeControl "5400+30"]

1. e4 c5 2. a3 Nc6 3. b4 Nf6 {[%emt 0:00:26] [#]} 4. f3 $146 ({Predecessor:} 4. b5 Nd4 5. c3 Ne6 6. d3 g6 7. g3 Bg7 8. Bg2 O-O 9. Ne2 a6 10. bxa6 Rxa6 {½-½ (51) Nepomniachtchi,I (2751)-Dubov,D (2701) Moscow 2018}) 4... e5 5. b5 Nd4 6. c3 {[%emt 0:07:31] B20: Sicilian: Unusual White 2nd moves.} Ne6 {[%emt 0:01:22] Black is more active.} 7. Bc4 (7. Nh3 $142) 7... d5 8. exd5 {[%emt 0:01:02] Black is clearly better.} Nxd5 {[%emt 0:02:51] [#] White must now prevent ...Qh4+.} 9. Ne2 $2 (9. d3 $17 {is more resistant.}) 9... Qh4+ $19 10. g3 Qxc4 11. d3 Qxb5 12. c4 Qa5+ 13. Bd2 Qd8 14. cxd5 Qxd5 15. Nc1 Bd6 ({Don't blunder} 15... Nd4 $2 16. O-O $19) 16. Be3 O-O ({Avoid the trap} 16... Nd4 $2 17. O-O $19) 17. Nc3 Qc6 18. Ne4 f5 {[%emt 0:01:08] Black is clearly winning.} 19. Nxd6 Qxd6 20. O-O b6 21. Ra2 Bb7 22. Raf2 Rad8 {[%emt 0:02:56] White did not feel at home in the position after the opening.  Weighted Error Value: White=0.52/Black=0.14 (very precise)} 0-1

[Event "12th WLC Weekend 2022"]
[Site "Eindhoven"]
[Date "2022.05.14"]
[Round "4.15"]
[White "Winkels, Marcel"]
[Black "Hubers, Daan"]
[Result "0-1"]
[ECO "C00"]
[WhiteElo "1965"]
[BlackElo "1818"]
[Annotator "TA"]
[PlyCount "62"]
[EventDate "2022.05.13"]
[EventType "swiss"]
[EventCountry "NED"]
[SourceTitle "playchess.com"]
[Source "ChessBase"]
[SourceQuality "1"]
[TimeControl "5400+30"]

1. e4 {[%emt 0:00:01] ChessBase II} e6 2. d3 d5 3. Nd2 Nf6 4. Ngf3 b6 5. g3 Bb7 6. Qe2 dxe4 7. dxe4 Nbd7 8. Bg2 {[%emt 0:00:23] C00: French: Unusual White 2nd moves.} e5 9. O-O Bd6 10. Nc4 {[%emt 0:04:39] [#] White is slightly better.} Qe7 $146 ({Predecessor:} 10... O-O 11. Nfd2 Nc5 12. Rd1 Qe7 13. Nxd6 cxd6 14. c4 Rac8 15. b3 Rfd8 16. Bb2 Ba6 17. Rac1 d5 18. exd5 Nxd5 19. Ne4 Nb4 20. Nxc5 Qxc5 21. a3 {1-0 (21) Lebreton,F (2023)-Eugene,F (1704) Sautron 2012 EXT 2014 [ChessBase II]}) 11. Nxd6+ cxd6 12. Nd2 (12. Nh4 $5 ) 12... O-O 13. c4 Nc5 14. b4 Ne6 15. Bb2 Rac8 16. Rac1 Nd7 17. Rfe1 Nb8 18. Nb3 f5 19. Red1 (19. f4 $14) 19... fxe4 20. Bxe4 $2 (20. c5 $11 {and White is okay.}) 20... Ng5 $1 $19 21. Bd5+ (21. Bg2 {was called for.}) 21... Bxd5 22. Rxd5 Nh3+ 23. Kh1 Nxf2+ {[%emt 0:04:07] Pair of Knights!} 24. Kg1 Nh3+ 25. Kh1 Qe6 {[%emt 0:09:22] Hoping for ...Rf2.} 26. Bd4 {[%emt 0:03:58] Prevents Rf2.} Qf5 $2 (26... Na6 $19 {is more deadly.} 27. Bg1 Nxb4) 27. Be3 $2 (27. Nd2 $17) 27... Qe4+ 28. Qg2 Rc6 $4 29. Re1 $2 {[%emt 0:02:23] [#]} (29. Qxe4 $18 Nf2+ 30. Bxf2) 29... Rxc4 (29... Ng5 $1 $11) 30. Rxd6 {[%emt 0:01:31] Threatens to win with Nd2.} Qg4 (30... Rxb4 $2 31. Nd2 Qxg2+ 32. Kxg2 $18) 31. Rd4 {[%emt 0:05:36][%mdl 8192] Prevents Re4.} e4 $4 {[%emt 0:00:55][%mdl 40960] What a bad dream for Black.  Weighted Error Value: White=1.14/Black=0.23 (precise) . Loss on time!?} 0-1